 Dungeon Crawl Stone Soup version 0.30.1-4-g462c640d31 (webtiles) character file.

Game seed: 8790705580632389635

84 booth the Trooper (level 4, -1/33 (41) HPs)
             Began as a Hill Orc Fighter on Sept 1, 2023.
             Slain by Eustachio
             ... wielding a +5 rapier of draining
              (4 damage)
             ... on level 4 of the Dungeon.
             The game lasted 00:11:13 (1845 turns).

booth the Trooper (Hill Orc Fighter)                Turns: 1845, Time: 00:11:13

HP:   -1/33 (41)    AC:  8    Str: 20    XL:     4   Next: 45%
MP:   4/4           EV:  9    Int:  8    God:
Gold: 137           SH:  9    Dex: 10    Spells: 3/3 levels left

rFire   . . .        a - +0 war axe
rCold   . . .        c - +0 buckler
rNeg    . . .        b - +0 scale mail
rPois   .            (no helmet)
rElec   .            (no cloak)
rCorr   .            p - +0 pair of gloves
SInv    .            (no boots)
Will    .....        f - amulet of reflection Stlth
                     (no ring)
HPRegen 0.25/turn    (no ring)
MPRegen 0.09/turn

%: reflection
@: heavily drained
A: no striking features
a: no special abilities


You were on level 4 of the Dungeon.
You visited 1 branch of the dungeon, and saw 4 of its levels.

You collected 137 gold pieces.

Inventory:

Hand Weapons
 a - a +0 war axe (weapon)
Armour
 b - a +0 scale mail (worn)
 c - a +0 buckler (worn)
 p - a +0 pair of gloves (worn)
Jewellery
 f - an amulet of reflection (around neck)
 k - an amulet of guardian spirit
 s - an amulet of the acrobat
Scrolls
 g - a scroll of vulnerability {unknown}
 h - 2 scrolls of identify {unknown}
 j - 2 scrolls of enchant armour {unknown}
 m - 2 scrolls of fear {unknown}
 q - a scroll of enchant weapon {unknown}
 r - a scroll of poison {unknown}
 t - 2 scrolls of teleportation {unknown}
Potions
 d - a potion of might
 e - 2 potions of haste {unknown}
 i - a potion of attraction {unknown}
 l - a potion of heal wounds {unknown}
 n - 2 potions of curing {unknown}


   Skills:
 + Level 4.3 Fighting
 + Level 3.7 Axes
 + Level 0.7 Throwing
 + Level 3.9 Armour
 + Level 3.9 Shields


You had 3 spell levels left.
You didn't know any spells.
Your spell library contained the following spells:

 Spells                   Type           Power      Damage    Failure   Level
 Gell's Gravitas          Tloc           0%         N/A       99%         3
 Inner Flame              Hex/Fire       0%         N/A       99%         3
 Teleport Other           Tloc           0%         N/A       99%         3
 Flame Wave               Conj/Fire      0%         2d4       100%        4
 Sticky Flame             Conj/Fire      0%         2d3       100%        4
 Dispersal                Tloc           0%         N/A       100%        6


Dungeon Overview and Level Annotations

Branches:
Dungeon (4/15)
 Temple: D:4-7

Altars:
Wu Jian

Shops:
D:1 (

Annotations:
D:4 Eustachio


Message History

You closely miss the crimson imp. You hit the iron imp.
The crimson imp barely misses you. The iron imp closely misses you.
You barely miss the crimson imp. You hit the iron imp.
The crimson imp hits you but does no damage.
The iron imp hits you. The crimson imp barely misses you.
You closely miss Eustachio.
Eustachio is lightly wounded.
You barely miss the iron imp. You closely miss the crimson imp.
Eustachio hits you with a +5 rapier of draining.
* * * LOW HITPOINT WARNING * * *
You feel drained.
* * * LOW HITPOINT WARNING * * *
The crimson imp blinks!
You block the iron imp's attack.
You slash Eustachio!
Eustachio is moderately wounded.
You hit the iron imp but do no damage.
The iron imp disappears in a puff of smoke!
Eustachio zaps a wand.
The puff of flame hits you but does no damage.
The crimson imp grins evilly.
Eustachio barely misses you.
You hit Eustachio.
Eustachio is heavily wounded.
Eustachio closely misses you.
The crimson imp hits you but does no damage.
You slash Eustachio!
Eustachio is severely wounded.
You hit the crimson imp. You block Eustachio's attack.
The crimson imp hits you.
* * * LOW HITPOINT WARNING * * *
You barely miss Eustachio.
Eustachio is severely wounded.
You barely miss the crimson imp. You block Eustachio's attack.
The crimson imp hits you but does no damage.
You hit Eustachio.
Eustachio is almost dead.
You barely miss the crimson imp.
The crimson imp disappears in a puff of smoke!
Eustachio hits you with a +5 rapier of draining.
You die...

####
#.@##.#...
#.@ยง......
#........>
#.......(.
#..##...##
#### ...#
.... ....
.##


You could see Eustachio.

Vanquished Creatures
  3 adders
  2 worms
  A dart slug (D:1)
  An orc (D:3)
  5 endoplasms
  4 giant cockroaches
  3 goblins
  5 hobgoblins
  3 jackals (D:1)
  5 ball pythons
  4 bats
  4 frilled lizards
  5 kobolds
  4 rats
49 creatures vanquished.

Notes
Turn   | Place    | Note
-------+----------+-------------------------------------------
     0 | D:1      | booth the Hill Orc Fighter began the quest for the Orb.
     0 | D:1      | Reached XP level 1. HP: 19/19 MP: 1/1
   161 | D:1      | Reached XP level 2. HP: 25/27 MP: 2/2
   275 | D:1      | Found Fyalysiy's Antique Weapon Emporium.
   515 | D:2      | Reached skill level 4 in Fighting
   522 | D:2      | Reached XP level 3. HP: 33/33 MP: 3/3
  1375 | D:3      | Reached XP level 4. HP: 39/40 MP: 4/4
  1605 | D:3      | Found an ornate altar of the Wu Jian Council.
  1812 | D:4      | Noticed Eustachio
  1845 | D:4      | Slain by Eustachio

Illustrated notes

Levels and vault maps discovered:
D:1:      dpeg_arrival_boxorama, layout_rooms, serial_shops,
          nicolae_shop_just_a_little_nook
D:2:      layout_basic
D:3:      layout_loops_ring, nzn_wu_jian_council_hall,
          cheibrodos_sewer_entry_bend, kennysheep_crisscross, st_stairs_14,
          kennysheep_donut
D:4:      kennysheep_big_flooded_room, layout_gridville,
          minmay_temple_entry_hall, uniq_eustachio

Skill      XL: |  1  2 |
---------------+-------+-----
Axes           | 3 |  3.7
Fighting       | 4 |  4.3
Throwing       | |  0.7
Armour         | |  3.9
Shields        | |  3.9

Action                     |  1- 3 |  4- 6 || total
---------------------------+-------+-------++-------
  Melee: War axe           |    93 |    36 ||   129
  Throw: Dart              |       |     5 ||     5
 Armour: Scale mail        |    28 |    11 ||    39
  Dodge: Dodged            |    40 |    14 ||    54
  Block: Buckler           |    39 |    19 ||    58
